 Dungeon Crawl Stone Soup version 0.31-a0-355-g57cb03d3e8 (webtiles) character file.

Game seed: 17736488127853034223

1969 javelincjr the Trooper (level 9, 0/71 HPs)
             Began as a Demonspawn Fighter on July 24, 2023.
             Slain by Maggie
             ... wielding a +1 long sword of distortion
              (4 damage)
             ... on level 6 of the Dungeon.
             The game lasted 00:17:19 (3578 turns).

javelincjr the Trooper (Demonspawn Fighter)         Turns: 3578, Time: 00:17:20

Health: 0/71       AC: 12    Str: 26    XL:     9   Next: 0%
Magic:  3/3        EV: 11    Int: 13    God:
Gold:   233        SH:  0    Dex: 14    Spells: 8/8 levels left

rFire   . . .        d - +9 whip of the Changing Gods {antimagic, rC+ Int+4}
rCold   + . .        (no shield)
rNeg    . . .        b - +0 scale mail
rPois   .            (no helmet)
rElec   .            (no cloak)
rCorr   .            (no gloves)
SInv    .            p - +2 pair of boots
Will    .....        f - amulet of regeneration Stlth
                     q - +6 ring of strength
HPRegen 1.11/turn    (no ring)
MPRegen 0.08/turn

%: no passive effects
@: mesmerised
A: yellow scales 1, powered by pain 1, demonic touch 2
a: no special abilities


You were on level 6 of the Dungeon.
You visited 1 branch of the dungeon, and saw 6 of its levels.

You collected 233 gold pieces.

Inventory:

Hand Weapons
 a - a +0 trident
 d - the +9 whip of the Changing Gods (weapon) {antimagic, rC+ Int+4}
   (You found it on level 4 of the Dungeon)

   Int:       It affects your intelligence (+4).
   rC:        It protects you from cold.
 t - a +0 dagger of speed
Missiles
 h - 6 poisoned darts
 l - 5 boomerangs
Armour
 b - a +0 scale mail (worn)
 c - a +0 buckler
 p - a +2 pair of boots (worn)
Jewellery
 f - an amulet of regeneration (around neck)
 q - a +6 ring of strength (left hand)
Talismans
 n - a beast talisman
Scrolls
 e - 3 scrolls of teleportation
 j - 4 scrolls of amnesia
 k - a scroll of fog {unknown}
 r - 2 scrolls of blinking
 s - 2 scrolls of vulnerability {unknown}
 u - a scroll of poison {unknown}
 v - a scroll of revelation {unknown}
 w - a scroll of noise {unknown}
Potions
 g - a potion of lignification {unknown}
 i - 4 potions of curing
 m - a potion of attraction {unknown}
 o - a potion of berserk rage
 x - a potion of brilliance {unknown}


   Skills:
 * Level 6.8 Fighting
 + Level 3.0 Maces & Flails
 - Level 3.1 Polearms
 + Level 3.7 Throwing
 + Level 4.8 Armour
 + Level 3.7 Dodging
 + Level 4.8 Shields


You had 8 spell levels left.
You didn't know any spells.
Your spell library contained the following spells:

 Spells                   Type           Power      Damage    Failure   Level
 Shock                    Conj/Air       0%         1d3       56%         1
 Sublimation of Blood     Necr           0%         N/A       71%         2
 Wereblood                Tmut           0%         N/A       71%         2
 Dazzling Flash           Conj/Hex       0%         N/A       90%         3
 Swiftness                Air            0%         N/A       90%         3
 Volatile Blastmotes      Fire/Tloc      0%         2d10      90%         3
 Airstrike                Air            0%         2d(0-16)  100%        4
 Starburst                Conj/Fire      0%         6d3       100%        6
 Summon Hydra             Summ           0%         N/A       100%        7
 Maxwell's Capacitive Co  Air            0%         ∞         100%        8


Dungeon Overview and Level Annotations

Branches:
Dungeon (6/15)
 Temple: D:4-7

Altars:
Ashenzari
Trog
Xom
Yredelemnul

Shops:
D:2 =

Annotations:
D:4 3 runed translucent doors, bahustanut's ghost, amateur OpSh
D:6 Maggie


Innate Abilities, Weirdness & Mutations

You are partially covered in yellow scales. (AC +2)
You sometimes gain a little power by taking damage.
Your touch may inflict irresistible damage on your foes.


Message History

The sky beast barely misses you. Maggie hits you but does no damage.
Space warps around you.
You completely miss Maggie.
You touch Maggie!
Maggie is moderately wounded.
The sky beast hits you but does no damage.
Maggie gestures wildly while chanting.
Maggie attempts to bespell you!
You are mesmerised by Maggie!
You hit Maggie.
Maggie's magic leaks into the air.
Maggie is moderately wounded.
The sky beast hits you but does no damage.
Maggie hits you but does no damage. Space warps horribly around you!!
You hit Maggie.
Maggie's magic leaks into the air.
You touch Maggie!
Maggie is heavily wounded.
The sky beast hits you. The sky beast shocks you.
* * * LOW HITPOINT WARNING * * *
Maggie points at you and mumbles some strange words.
The bolt of fire misses you.
You whack Maggie!
Maggie's magic leaks into the air.
Maggie is severely wounded.
The sky beast hits you.
* * * LOW HITPOINT WARNING * * *
The sky beast shocks you.
* * * LOW HITPOINT WARNING * * *
Maggie hits you with a +1 long sword of distortion.
* * * LOW HITPOINT WARNING * * *
Space warps around you.
* * * LOW HITPOINT WARNING * * *
It was a potion of berserk rage.
You are too mesmerised to rage.
The sky beast flickers out of sight!
Deactivating autopickup; reactivate with Ctrl-A.
Something hits you but does no damage. Maggie completely misses you.
You hit Maggie.
Maggie's magic leaks into the air.
Your touch misses Maggie.
Maggie is severely wounded.
Something hits you.
* * * LOW HITPOINT WARNING * * *
Something shocks you.
* * * LOW HITPOINT WARNING * * *
Maggie hits you but does no damage. Space warps around you.
You die...

####..##...###...#
#.###.#.# .#.#
#.###...# #...#
#....###...###
#..#.# .#.#[#
#....##.#.#.#
#.###..#.#.#
#.#$.@#.#.#
#.###{@#.#
#...[##.#.#
#..#.#!#.#.# #.
..## ...# ## #.#..
(# #.# ## #


You could see Maggie (mesmerising, magic disrupted).

Vanquished Creatures
  Pikel (D:5)
  Menkaure (D:5)
  A water moccasin (D:6)
  A black bear (D:5)
  2 ogres
  2 centaurs
  A phantom (D:4)
  2 scorpions
  3 hounds
  A gnoll bouda (D:4)
  3 orc priests
  A jelly (D:4)
  An orc wizard (D:5)
  A sleepcap (D:4)
  5 iguanas
  4 gnolls
  13 adders
  A white imp (D:6)
  2 ufetubi
  A worm (D:2)
  7 dart slugs
  9 orcs
  4 endoplasms
  6 giant cockroaches
  4 goblins
  8 hobgoblins
  A quokka (D:4)
  6 ball pythons
  10 bats
  3 frilled lizards
  11 kobolds
  4 rats
120 creatures vanquished.

Notes
Turn   | Place    | Note
-------+----------+-------------------------------------------
     0 | D:1      | javelincjr the Demonspawn Fighter began the quest for the
                  | Orb.
     0 | D:1      | Reached XP level 1. HP: 18/18 MP: 1/1
    99 | D:1      | Gained mutation: Your touch may inflict minor irresistible
                  | damage on your foes. [demonic ancestry]
    99 | D:1      | Reached XP level 2. HP: 21/24 MP: 2/2
   181 | D:1      | Reached XP level 3. HP: 29/29 MP: 3/3
   776 | D:2      | Found Gurus's Jewellery Shop.
   885 | D:2      | Reached XP level 4. HP: 35/35 MP: 4/4
  1053 | D:2      | Reached skill level 1 in Dodging
  1368 | D:3      | Found a bloodstained altar of Trog.
  1368 | D:3      | Found a shimmering altar of Xom.
  1655 | D:3      | Reached XP level 5. HP: 42/42 MP: 5/5
  1661 | D:3      | Reached skill level 1 in Throwing
  1860 | D:4      | Reached skill level 4 in Fighting
  1890 | D:4      | Noticed an ogre
  1910 | D:4      | Gained mutation: You sometimes gain a little power by
                  | taking damage. [demonic ancestry]
  1910 | D:4      | Reached XP level 6. HP: 47/48 MP: 6/6
  1951 | D:4      | Identified the +9 whip of the Changing Gods {antimagic, rC+
                  | Int+4}
  2077 | D:4      | Found a runed translucent gate.
  2078 | D:4      | Found a runed translucent gate.
  2078 | D:4      | Noticed bahustanut's ghost (amateur OpSh)
  2079 | D:4      | Found a runed translucent gate.
  2139 | D:4      | Gained mutation: Your touch may inflict irresistible damage
                  | on your foes. [demonic ancestry]
  2139 | D:4      | Reached XP level 7. HP: 42/55 MP: 2/7
  2171 | D:4      | Reached skill level 5 in Fighting
  2246 | D:4      | Reached skill level 1 in Maces & Flails
  2603 | D:5      | Entered Level 5 of the Dungeon
  2696 | D:5      | Noticed Pikel
  2716 | D:5      | Killed Pikel
  2717 | D:5      | Reached skill level 6 in Fighting
  2717 | D:5      | Gained mutation: You are partially covered in yellow
                  | scales. (AC +2) [demonic ancestry]
  2717 | D:5      | Reached XP level 8. HP: 57/64 MP: 2/8
  2783 | D:5      | Found a basalt altar of Yredelemnul.
  3173 | D:5      | Noticed Menkaure
  3184 | D:5      | Killed Menkaure
  3499 | D:6      | Found a broken altar of Ashenzari.
  3558 | D:6      | Noticed Maggie
  3567 | D:6      | Reached XP level 9. HP: 71/71 MP: 3/9
  3578 | D:6      | Slain by Maggie

Illustrated notes

Levels and vault maps discovered:
D:1:      lightli_molten_gateway, layout_rooms, minmay_vboxes
D:2:      layout_loops_ring, serial_shops, shop,
          hangedman_abyss_or_decor_lesser_grid
D:3:      layout_basic, mainiacjoe_overflow_24_doors,
          mainiacjoe_overflow_large_starburst
D:4:      layout_basic, gammafunk_ghost_nasty_kobolds,
          amcnicky_mini_rare_corridor_liquid, minmay_fractal_squares_diagonal_5
D:5:      layout_basic, yredelemnul_altar_generic, uniq_pikel, uniq_menkaure
D:6:      layout_basic, mainiacjoe_overflow_concentric_impassable,
          minmay_temple_entry_fiery, st_stairs_9, minmay_starry_boxes,
          uniq_edmund, uniq_eustachio, uniq_maggie

Skill      XL: |  1  2  3  4  5  6  7  8 |
---------------+-------------------------+-----
Polearms       | 2 3 |  3.1
Armour         | 3 4 |  4.8
Shields        | 3 4 |  4.8
Dodging        | 1 2 3 |  3.7
Throwing       | 1 2 3 |  3.7
Fighting       | 4 6 |  6.8
Maces & Flails | 2 3 |  3.0

Action                     |  1- 3 |  4- 6 |  7- 9 || total
---------------------------+-------+-------+-------++-------
  Melee: Trident           |    97 |   109 |       ||   206
         Touch             |     8 |    19 |    18 ||    45
         Punch             |       |     3 |     5 ||     8
         Whip              |       |    22 |   116 ||   138
    Use: Potion            |       |     1 |     1 ||     2
         Scroll            |       |       |     4 ||     4
 Armour: Scale mail        |    52 |    57 |    62 ||   171
  Dodge: Dodged            |    38 |    73 |    77 ||   188
  Block: Buckler           |     6 |       |       ||     6
         Form:             |     1 |       |       ||     1
         Beast             |     1 |       |       ||     1

Table legend: (Time is in decaauts)
 A = Elapsed time spent in this place.
 B = Non-inter-level travel time spent in this place.
 C = Inter-level travel time spent in this place.
 D = Time resting spent in this place.
 E = Time spent auto-exploring this place.
 F = Levels seen in this place.
 G = Mean time per level.
                   A        B        C        D        E       F      G
               +--------+--------+--------+--------+--------+-----+--------+
         Total |   3617 |   3480 |    137 |    106 |   2505 |   6 |  602.8 |
       Dungeon |   3617 |   3480 |    137 |    106 |   2505 |   6 |  602.8 |
               +--------+--------+--------+--------+--------+-----+--------+

Top non-repeatable levels by time:
     D:5: 892 daAuts
     D:2: 785 daAuts
     D:4: 761 daAuts
     D:1: 587 daAuts
     D:3: 509 daAuts
     D:6: 81 daAuts
